 Dungeon Crawl Stone Soup version 0.20.2-3-g29329e0561 (webtiles) character file.

240 Alfie the Shield-Bearer (level 6, 0/52 HPs)
             Began as a Hill Orc Fighter on Feb 24, 2024.
             Killed by divine providence
             ... invoked by an orc priest
              (12 damage)
             ... on level 3 of the Dungeon.
             The game lasted 00:06:29 (2544 turns).

Alfie the Shield-Bearer (Hill Orc Fighter)          Turns: 2544, Time: 00:06:30

Health: 0/52       AC:  8    Str: 23    XL:     6   Next: 8%
Magic:  6/6        EV:  8    Int:  8    God:
Gold:   116        SH: 10    Dex: 10    Spells: 5/5 levels left

rFire    . . .     SeeInvis .   a - +0 rapier
rCold    . . .     Gourm    .   c - +0 shield
rNeg     . . .     Faith    .   b - +0 scale mail
rPois    .         Spirit   .   (no helmet)
rElec    .         Reflect  .   j - +0 cloak
rCorr    .         Harm     .   (no gloves)
MR       .....                  (no boots)
Stlth    ..........             (no amulet)
Regen    0.2/turn               r - +2 ring of strength
MPRegen  0.1/turn               (no ring)

@: no status effects
A: no striking features
a: Convert to Beogh


You were on level 3 of the Dungeon.
You were not hungry.

You visited 1 branch of the dungeon, and saw 3 of its levels.

You collected 116 gold pieces.

Inventory:

Hand Weapons
 a - a +0 rapier (weapon)
Armour
 b - a +0 scale mail (worn)
 c - a +0 shield (worn)
 j - a +0 cloak (worn)
Jewellery
 r - a +2 ring of strength (left hand)
Scrolls
 g - a scroll of teleportation
 k - a scroll of blinking
 l - a scroll of remove curse
 m - 2 scrolls of fog {unknown}
 n - a scroll of enchant armour {unknown}
 o - 2 scrolls of identify {unknown}
 q - 2 scrolls of magic mapping {unknown}
 t - a scroll of random uselessness {unknown}
 u - 3 scrolls of amnesia {unknown}
Potions
 d - a potion of might
 e - 2 potions of heal wounds {unknown}
 i - a potion of mutation {unknown}
 p - 2 potions of haste {unknown}
 s - a potion of curing {unknown}
Comestibles
 f - a bread ration
 h - a meat ration
 v - a royal jelly


   Skills:
 + Level 4.2 Fighting
 + Level 3.8 Short Blades
 + Level 4.4 Armour
 + Level 1.0 Dodging
 + Level 4.6 Shields


You had 5 spell levels left.
You didn't know any spells.

Dungeon Overview and Level Annotations

Branches:
Dungeon (3/15)

Altars:


Message History

Something hits you but does no damage.
You completely miss something.
Something hits you but does no damage. x2
You hit something.
You hear some strange, mumbled words.
A magic dart appears from out of thin air!
The magic dart hits you!
* * * LOW HITPOINT WARNING * * *
Something hits you but does no damage.
You miss something. Something hits you but does no damage.
You hit something but do no damage.
Something hits you but does no damage. x2
You hit something. You block something's attack.
You miss something.
Something hits you but does no damage. x2
You miss something. Something hits you.
* * * LOW HITPOINT WARNING * * *
Something hits you but does no damage.
Your shield and scale mail prevent you from hitting something.
You block something's attack.
The orc priest calls down the wrath of Beogh upon you.
Beogh smites you!
You die...

.#.#......# .. ##.#......# #.#
#........# ###.## ##.#+#####
#....# #.#.#####. #....#
#......... #....# ##.#######
#....#
####..#############....####.#
................@{oo....†..>#
#####..########.#####..........
##.## #.# #######.... #..# #.#
### #######.#######.#######
((.(...................
########.######.#######
.....................#
...#####..#####.####.#


You could see an orc priest and an orc.

Vanquished Creatures
  A bullfrog (D:3)
  Robin (D:2)
  6 adders
  An ooze (D:1)
  2 worms (D:3)
  A dart slug (D:1)
  4 leopard geckos
  2 orcs (D:3)
  3 giant cockroaches
  16 goblins
  14 hobgoblins
  7 jackals
  A quokka (D:3)
  A ball python (D:2)
  5 bats
  5 frilled lizards
  13 kobolds
  5 rats
88 creatures vanquished.

Notes
Turn   | Place    | Note
-------+----------+-------------------------------------------
     0 | D:1      | Alfie the Hill Orc Fighter began the quest for the Orb.
     0 | D:1      | Reached XP level 1. HP: 19/19 MP: 1/1
   117 | D:1      | Reached XP level 2. HP: 18/27 MP: 2/2
   736 | D:1      | Reached XP level 3. HP: 31/33 MP: 3/3
   824 | D:2      | Noticed Robin
   861 | D:2      | Killed Robin
   868 | D:2      | Reached XP level 4. HP: 16/40 MP: 4/4
  1758 | D:3      | Reached XP level 5. HP: 37/46 MP: 5/5
  2362 | D:3      | Reached skill level 1 in Dodging
  2362 | D:3      | Reached XP level 6. HP: 21/52 MP: 6/6
  2544 | D:3      | Killed from afar by an orc priest

Skill      XL: |  1  2  3  4  5 |
---------------+----------------+-----
Fighting       | 4 |  4.2
Armour         | 4 |  4.4
Short Blades   | 3 |  3.8
Shields        | 4 |  4.6
Dodging        | 1 |  1.0

Action                   |  1- 3 |  4- 6 || total
-------------------------+-------+-------++-------
Melee: Rapier            |   115 |   243 ||   358
  Use: Scroll            |       |     3 ||     3
  Eat: Royal jelly       |       |     1 ||     1
       Fruit             |       |     1 ||     1
       Chunk             |       |     1 ||     1
       Bread ration      |       |     1 ||     1
Armor: Scale mail        |    33 |    92 ||   125
Dodge: Dodged            |    28 |    65 ||    93
Block: Shield            |    56 |   109 ||   165
